 Dungeon Crawl Stone Soup version 0.28-a0-1167-g616b1c6417 (webtiles) character file.

Game seed: 10966067485077287309

64785 Peloso the Peltast (level 14, 0/129 HPs)
             Began as a Minotaur Fighter on Dec 16, 2021.
             Was the Champion of Okawaru.
             Slain by a vampire mosquito (5 damage)
             ... on level 15 of the Dungeon.
             The game lasted 01:16:01 (26762 turns).

Peloso the Peltast (Minotaur Fighter)              Turns: 26762, Time: 01:16:02

Health: 0/129      AC: 28    Str: 27    XL:     14   Next: 73%
Magic:  15/15      EV: 10    Int: 11    God:    Okawaru [******]
Gold:   1429       SH: 21    Dex: 14    Spells: 13/13 levels left

rFire   . . .      SeeInvis .   a - +3 double sword (vorpal)
rCold   + . .      Faith    +   c - +1 tower shield {reflect}
rNeg    . . .      Spirit   .   K - +1 shadow dragon scales
rPois   .          Reflect  +   V - +2 hat {Will+}
rElec   .          Harm     .   t - +0 cloak
rCorr   .          Rampage  .   B - +2 pair of gloves
Will    ++...                   O - +2 pair of boots {Fly}
Stlth   +++.......              Z - amulet of faith
HPRegen 0.31/turn               y - ring of protection from cold
MPRegen 0.14/turn               E - ring "Fyagun" {Str+5 Int+6}

@: flying
A: horns 2, retaliatory headbutt
a: Renounce Religion, Heroism, Finesse, Duel


You were on level 15 of the Dungeon.
You worshipped Okawaru.
Okawaru was exalted by your worship.
You visited 4 branches of the dungeon, and saw 20 of its levels.
You also visited: Gauntlet.

You collected 1606 gold pieces.
You spent 177 gold pieces at shops.

Inventory:

Hand Weapons
 a - a +3 vorpal double sword (weapon)
 b - a +2 scimitar of flaming
Armour
 c - a +1 tower shield of reflection (worn)
 t - a +0 cloak (worn)
 v - a +4 plate armour of willpower
 B - a +2 pair of gloves (worn)
 K - +1 shadow dragon scales (worn)
 O - a +2 pair of boots of flying (worn)
 U - +1 pearl dragon scales
 V - a +2 hat of willpower (worn)
Jewellery
 d - a +6 ring of intelligence
 k - a +4 ring of evasion
 l - a ring of positive energy
 y - a ring of protection from cold (left hand)
 E - the ring "Fyagun" (right hand) {Str+5 Int+6}
   (You found it in a Gauntlet)

   [ring of intelligence]

   Str:       It affects your strength (+5).
   Int:       It affects your intelligence (+6).
 Z - an amulet of faith (around neck)
Wands
 i - a wand of paralysis (4)
 w - a wand of digging (3)
Scrolls
 e - 4 scrolls of teleportation
 f - a scroll of identify
 g - 4 scrolls of amnesia
 h - 2 scrolls of fog
 j - 2 scrolls of blinking
 m - 4 scrolls of summoning
 n - 7 scrolls of fear
 q - 6 scrolls of immolation
 x - a scroll of holy word
 A - a scroll of silence
Potions
 o - 4 potions of magic
 p - 2 potions of heal wounds
 u - a potion of haste
 z - 2 potions of mutation
 C - 2 potions of attraction {unknown}
 D - a potion of might
 H - a potion of resistance
 I - a potion of experience {unknown}
 M - 3 potions of brilliance {unknown}
 N - 3 potions of curing
 Q - 2 potions of ambrosia {unknown}
 R - 4 potions of flight {unknown}


   Skills:
 + Level 13.1 Fighting
 + Level 16.4 Long Blades
 + Level 14.3 Armour
 + Level 6.5 Dodging
 + Level 2.3 Stealth
 + Level 17.6 Shields
 + Level 2.7 Invocations
 + Level 0.1 Evocations


You had 13 spell levels left.
You didn't know any spells.
Your spell library contained the following spells:

 Spells                   Type           Power      Damage    Failure   Level
 Beastly Appendage        Tmut           0%         N/A       98%         1
 Magic Dart               Conj           0%         1d3       98%         1
 Sting                    Tmut/Pois      0%         1d3       98%         1
 Ensorcelled Hibernation  Hex/Ice        0%         N/A       99%         2
 Searing Ray              Conj           0%         2d4       99%         2
 Ignite Poison            Fire/Tmut/Pois 0%         N/A       100%        3
 Mephitic Cloud           Conj/Pois/Air  0%         N/A       100%        3
 Spider Form              Tmut/Pois      0%         N/A       100%        3
 Fulminant Prism          Conj/Hex       0%         3d6       100%        4
 Passage of Golubria      Tloc           0%         N/A       100%        4
 Yara's Violent Unravell  Hex/Tmut       0%         3d3       100%        5
 Dispersal                Tloc           0%         N/A       100%        6
 Statue Form              Tmut/Erth      0%         N/A       100%        6
 Disjunction              Tloc           0%         N/A       100%        8
 Necromutation            Tmut/Necr      0%         N/A       100%        8
 Call Imp                 Summ           Unusable   N/A       N/A         2
 Tukima's Dance           Hex            Unusable   N/A       N/A         3

Dungeon Overview and Level Annotations

Branches:
Dungeon (15/15)            Temple (1/1) D:5            Lair (2/6) D:11
 Shoals (0/4) Lair:2          Orc (2/2) D:12            Elf (0/3) Orc:2
 Vaults (0/5) D:13         Depths (0/4) D:15        Gauntlet (visited)
  Snake: Lair:2-4    Spider: Lair:2-4

Altars:
Ashenzari
Cheibriados
Dithmenos
Elyvilon
Fedhas
Gozag
Hepliaklqana
Kikubaaqudgha
Makhleb
Nemelex Xobeh
Okawaru
Qazlal
Ru
Sif Muna
Trog
Uskayaw
Vehumet
Wu Jian
Xom
Yredelemnul
Zin
The Shining One

Shops:
D:1 *   D:8 [   Orc:2 *(?[

Annotations:
D:8 Pearl Armour


Innate Abilities, Weirdness & Mutations

You have a pair of horns on your head.
You reflexively headbutt those who attack you in melee.


Message History

The fire dragon claws you but does no damage.
The fire dragon tramples you!
You hold your ground!
The vampire mosquito barely misses you.
You hit the fire dragon. You headbutt the fire dragon!
The fire dragon is heavily wounded.
You block the vampire mosquito's attack. x2
The vampire mosquito bites you.
The vampire mosquito draws strength from your injuries!
The fire dragon bites you. You block the fire dragon's attack.
The fire dragon tramples you but does no damage.
Unknown command.
You hit the fire dragon but do no damage.
You headbutt the fire dragon, but do no damage.
The fire dragon is heavily wounded.
You block the vampire mosquito's attack. x2
The vampire mosquito bites you but does no damage.
The fire dragon breathes flames at you. The blast of flame hits you!!
* * * LOW HITPOINT WARNING * * *
You block the vampire mosquito's attack.
Unknown command.
You closely miss the fire dragon.
The fire dragon is heavily wounded.
The vampire mosquito bites you!
* * * LOW HITPOINT WARNING * * *
The vampire mosquito draws strength from your injuries!
You block the vampire mosquito's attack. x2
The fire dragon bites you but does no damage.
The fire dragon closely misses you.
The fire dragon tramples you but does no damage.
Unknown command.
You hit the fire dragon but do no damage.
Your headbutt misses the fire dragon.
The fire dragon is heavily wounded.
You block the vampire mosquito's attack. x3
The fire dragon breathes flames at you. The blast of flame hits you!!
* * * LOW HITPOINT WARNING * * *
The vampire mosquito bites you.
You die...

#../#
##.........
..§y§##
##.######.#.
##
....###.##
#.#. #.#
##..#.##
#.#.
#.###..#.##
#.#.
#..#....####
#.##
#..........#
#.#
####...Dy..#
#.#
.......@y..#
#.#
####..##.#.#
#.# ....
#.#.# #.##
#... $.#..
#... #.. ###
## #### ##


You could see a fire dragon (catching breath) and 2 vampire mosquitoes.

Vanquished Creatures
  Frances (D:13)
  Roxanne (D:14)
  A minotaur (Gauntlet)
  An ettin (D:15)
  A catoblepas (D:13)
  2 boulder beetles
  6 hydras
  An ogre mage (D:11)
  6 vault guards (D:13)
  A centaur warrior (D:14)
  2 death knights (D:13)
  5 two-headed ogres
  2 tengu warriors
  6 orc high priests
  6 skeletal warriors
  Nergalle (D:12)
  2 deep trolls (D:15)
  A necromancer (D:15)
  A deep elf pyromancer (D:13)
  2 wizards
  An oklob plant (D:11)
  4 orc sorcerers
  5 manticores
  3 cyclopes
  2 black mambas
  2 gargoyles (D:11)
  3 cane toads
  An unseen horror (D:12)
  2 kobold demonologists
  3 freezing wraiths (D:13)
  A tengu conjurer (D:14)
  A rime drake (Lair:1)
  9 komodo dragons
  An efreet (D:14)
  2 queen bees
  3 meliai (Gauntlet)
  2 hornets
  9 trolls
  7 blink frogs (Lair:1)
  Sigmund (D:6)
  4 flying skulls (Gauntlet)
  A centaur simulacrum (D:11)
  5 humans (D:13)
  2 shadows
  A vampire (D:13)
  3 wraiths
  20 yaks
  8 vampire mosquitoes
  2 wargs (Orc:1)
  2 acid dragons
  6 water moccasins
  26 orc warriors
  An ice beast (D:3)
  A black bear (D:4)
  2 ogres
  4 necrophages (D:8)
  A hornet zombie (D:6)
  10 wolves (Lair:2)
  A phantom (D:6)
  4 centaurs
  16 kobold brigands
  8 bullfrogs
  3 wyvern zombies (D:8)
  A scorpion (D:3)
  A water moccasin zombie (D:5)
  A gnoll sergeant (D:13)
  2 water moccasin skeletons (D:4)
  42 killer bees
  8 wights
  6 spriggan skeletons (D:9)
  A howler monkey (D:11)
  A troll skeleton (D:9)
  A crimson imp (D:12)
  6 centaur zombies
  3 hounds
  28 orc priests
  2 centaur skeletons
  4 iguanas
  29 orc wizards
  Ijyb (D:3)
  A mummy (D:8)
  Robin (D:2)
  3 howler monkey zombies
  13 adders
  6 gnolls
  An adder skeleton (D:4)
  2 worms
  2 dart slugs
  69 orcs
  7 endoplasms
  3 giant cockroaches
  14 goblins
  9 hobgoblins
  3 jackals (D:1)
  31 kobolds
  5 ball pythons
  3 bats
  4 frilled lizards
  5 rats
561 creatures vanquished.

Vanquished Creatures (others)
  A human (D:13)
  A killer bee (D:11)
  An orc (Orc:1)
  6 fungi
  32 plants
  4 toadstools (D:6)
  A withered plant (D:8)
46 creatures vanquished.

Grand Total: 607 creatures vanquished

Notes
Turn   | Place    | Note
-------+----------+-------------------------------------------
     0 | D:1      | Peloso the Minotaur Fighter began the quest for the Orb.
     0 | D:1      | Reached XP level 1. HP: 19/19 MP: 0/0
   148 | D:1      | Reached XP level 2. HP: 21/27 MP: 1/1
   310 | D:1      | Reached skill level 4 in Shields
   609 | D:1      | Found a faded altar of an unknown god.
   759 | D:1      | Found Kyaw Wur's Assorted Antiques.
   768 | D:1      | Bought a scroll labelled HIZIBA ULYIJOL for 17 gold pieces
  1069 | D:2      | Reached XP level 3. HP: 26/33 MP: 2/2
  1618 | D:2      | Reached XP level 4. HP: 39/41 MP: 3/3
  1667 | D:2      | Noticed Robin
  1683 | D:2      | Killed Robin
  2085 | D:3      | Noticed Ijyb
  2119 | D:3      | Killed Ijyb
  2234 | D:3      | Noticed an ice beast
  2248 | D:3      | Killed an ice beast
  2249 | D:3      | Reached XP level 5. HP: 23/47 MP: 4/4
  2686 | D:3      | Reached skill level 5 in Long Blades
  2686 | D:3      | Reached skill level 5 in Armour
  2686 | D:3      | Reached skill level 1 in Dodging
  2686 | D:3      | Reached XP level 6. HP: 38/55 MP: 5/5
  2954 | D:3      | Reached skill level 5 in Fighting
  3599 | D:4      | Reached XP level 7. HP: 44/61 MP: 6/6
  4568 | D:5      | Entered Level 5 of the Dungeon
  4639 | D:5      | Reached skill level 1 in Stealth
  5355 | D:5      | Found a staircase to the Ecumenical Temple.
  5363 | Temple   | Entered the Ecumenical Temple
  5680 | D:5      | Reached skill level 5 in Shields
  6030 | D:6      | Found an iron altar of Okawaru.
  6050 | D:6      | Reached XP level 8. HP: 60/70 MP: 7/7
  6075 | D:6      | Became a worshipper of Warmaster Okawaru
  6125 | D:6      | Identified the +3 dagger of Inference {vorpal, rElec Dex+3}
  6529 | D:6      | Noticed Sigmund
  6599 | D:6      | Killed Sigmund
  7088 | D:7      | Reached * piety under Okawaru
  7731 | D:7      | Reached XP level 9. HP: 66/78 MP: 8/8
  8517 | D:8      | Reached ** piety under Okawaru
  8518 | D:8      | Reached skill level 6 in Shields
  8658 | D:8      | Identified the +5 shortbow of the Solstice {venom, *Slow
                  | +Blink rN++ Int+3}
  8780 | D:8      | Reached skill level 7 in Shields
 10007 | D:8      | Reached skill level 10 in Long Blades
 10021 | D:8      | Noticed a kobold demonologist
 10029 | D:8      | Noticed an orange demon
 10032 | D:8      | Found Launt's Antique Armour Shop.
 10147 | D:8      | Reached *** piety under Okawaru
 10148 | D:8      | Reached XP level 10. HP: 39/88 MP: 9/9
 10156 | D:8      | Reached skill level 8 in Shields
 10457 | D:8      | Noticed an orange demon
 11485 | D:9      | Reached skill level 9 in Shields
 12367 | D:10     | Entered Level 10 of the Dungeon
 12386 | D:10     | Noticed a two-headed ogre
 12751 | D:10     | Reached skill level 1 in Invocations
 12756 | D:10     | Reached **** piety under Okawaru
 12766 | D:10     | Killed a two-headed ogre
 12767 | D:10     | Reached skill level 10 in Armour
 12767 | D:10     | Reached skill level 10 in Shields
 13392 | D:10     | Reached XP level 11. HP: 92/97 MP: 10/10
 13659 | D:10     | You fall into a shaft and drop 3 floors!
 13665 | D:13     | Noticed a death knight
 13674 | D:13     | Noticed a catoblepas
 13693 | D:13     | Noticed a deep elf pyromancer
 13998 | D:12     | Noticed a boulder beetle
 14036 | D:12     | Killed a boulder beetle
 14322 | D:12     | Noticed Nergalle
 14358 | D:12     | HP: 2/80 [Nergalle/bolt of negative energy (5)]
 14360 | D:12     | Killed Nergalle
 14673 | D:12     | Noticed a five-headed hydra
 14685 | D:12     | Killed a one-headed hydra
 15061 | D:12     | Reached skill level 11 in Shields
 15421 | D:12     | Found a staircase to the Orcish Mines.
 15476 | D:12     | Noticed a wizard
 15491 | D:12     | Killed a wizard
 15841 | D:11     | Noticed a two-headed ogre
 15863 | D:11     | Killed a two-headed ogre
 15863 | D:11     | Reached ***** piety under Okawaru
 16160 | D:11     | Noticed an oklob plant
 16220 | D:11     | Noticed a six-headed hydra
 16230 | D:11     | Killed a one-headed hydra
 16327 | D:11     | Noticed a four-headed hydra
 16341 | D:11     | Killed a one-headed hydra
 16342 | D:11     | Reached skill level 12 in Shields
 16343 | D:11     | Reached skill level 10 in Fighting
 16343 | D:11     | Noticed a tengu warrior
 16358 | D:11     | Identified the +1 demon blade of Uncertain Death
                  | {antimagic, rC+} (Okawaru gifted it to you on level 11 of
                  | the Dungeon)
 16358 | D:11     | Received a gift from Okawaru
 16362 | D:11     | Noticed an ogre mage
 16379 | D:11     | Killed a tengu warrior
 16387 | D:11     | Reached XP level 12. HP: 96/106 MP: 10/12
 16404 | D:11     | Noticed a two-headed ogre
 16409 | D:11     | Paralysed by a hornet for 2 turns
 16414 | D:11     | Reached skill level 5 in Dodging
 16421 | D:11     | Killed a two-headed ogre
 16626 | D:11     | Killed an ogre mage
 16633 | D:11     | Received a gift from Okawaru
 16634 | D:11     | Reached skill level 13 in Shields
 16663 | D:11     | Found a staircase to the Lair.
 16666 | D:11     | Noticed a two-headed ogre
 16678 | D:11     | Killed a two-headed ogre
 17616 | D:12     | Reached skill level 14 in Shields
 17741 | D:13     | Killed a death knight
 17787 | D:13     | Noticed a two-headed ogre
 17792 | D:13     | Killed a two-headed ogre
 17923 | D:13     | Killed a catoblepas
 17955 | D:13     | Reached XP level 13. HP: 115/116 MP: 4/13
 17979 | D:13     | Noticed Frances
 18012 | D:13     | Killed Frances
 18012 | D:13     | Received a gift from Okawaru
 18012 | D:13     | Reached ****** piety under Okawaru
 18781 | D:13     | Found a gate to the Vaults.
 18967 | D:13     | Reached skill level 15 in Shields
 19471 | Lair:1   | Entered Level 1 of the Lair of Beasts
 19487 | Lair:1   | Received a gift from Okawaru
 19904 | Lair:1   | Reached skill level 15 in Long Blades
 19942 | Lair:1   | Identified a scroll of acquirement
 20503 | Lair:2   | Reached skill level 16 in Shields
 20545 | Lair:2   | Found a gate leading to a gauntlet.
 20564 | Lair:2   | Received a gift from Okawaru
 20573 | Gauntlet | Entered a Gauntlet
 20573 | Gauntlet | Found a transporter.
 20582 | Gauntlet | Found a transporter.
 20597 | Gauntlet | Found a transporter.
 20599 | Gauntlet | Found a transporter.
 20613 | Gauntlet | Found a transporter.
 20626 | Gauntlet | Found a transporter.
 20636 | Gauntlet | Found a transporter.
 20646 | Gauntlet | Found a transporter.
 20660 | Gauntlet | Found a transporter.
 20662 | Gauntlet | Found a transporter.
 20664 | Gauntlet | Found a transporter.
 20685 | Gauntlet | Found a transporter.
 20697 | Gauntlet | Found a transporter.
 20699 | Gauntlet | Found a transporter.
 20887 | Gauntlet | Acquired a +3 double sword of holy wrath
 21039 | Gauntlet | Reached XP level 14. HP: 53/127 MP: 11/14
 21057 | Gauntlet | Identified the ring "Fyagun" {Str+5 Int+6}
 22239 | Orc:1    | Entered Level 1 of the Orcish Mines
 23060 | Orc:2    | Entered Level 2 of the Orcish Mines
 23060 | Orc:2    | Found a staircase to the Elven Halls.
 23299 | Orc:2    | Reached skill level 17 in Shields
 24562 | Orc:2    | Identified the +1 scale mail of the Dice {Stlth+} (Okawaru
                  | gifted it to you on level 2 of the Orcish Mines)
 24562 | Orc:2    | Received a gift from Okawaru
 24594 | Orc:2    | Found Wyemm's Antique Armour Shop.
 24594 | Orc:2    | Found Atenop's General Store.
 24594 | Orc:2    | Found Jovuzeib's Antique Weapon Boutique.
 24597 | Orc:2    | Found Jeci's Magic Scroll Shop.
 24615 | Orc:2    | Bought a scroll of identify for 32 gold pieces
 24615 | Orc:2    | Bought a scroll of identify for 32 gold pieces
 24615 | Orc:2    | Bought a scroll of identify for 32 gold pieces
 24634 | Orc:2    | Bought a scroll of identify for 32 gold pieces
 24634 | Orc:2    | Bought a scroll of identify for 32 gold pieces
 25994 | D:14     | Identified Roxanne's Handbook of Transformation
 25994 | D:14     | Noticed Roxanne
 26014 | D:14     | Killed Roxanne
 26377 | D:15     | Entered Level 15 of the Dungeon
 26615 | D:15     | Found a staircase to the Depths.
 26762 | D:15     | HP: 5/129 [fire dragon/blast of flame (24)]
 26762 | D:15     | Slain by a vampire mosquito

Illustrated notes

Levels and vault maps discovered:
D:1:      lemuel_arrival_tunnels, layout_basic,
          shapermc_ecumenical_altar_mp_urbaneastern, serial_shops,
          nicolae_shop_stone
D:2:      layout_loops_cross, uniq_robin
D:3:      layout_basic, minmay_snake_closets, uniq_ijyb
D:4:      layout_loops_ring
D:5:      layout_basic, minmay_temple_entry_statues_pillars
D:6:      layout_basic, okawaru_trees_1, minmay_gold_behind_fungi, uniq_sigmund
D:7:      layout_basic, serial_curves, eino_curves_03, eino_curves_01,
          kennysheep_decorative_pillar
D:8:      layout_basic, serial_undead, serial_undead_e, serial_undead_d,
          serial_undead_f, serial_undead_d, serial_shops, shop, special_room
          [special_room_kobold]
D:9:      layout_basic, hangedman_tell_no_tales
D:10:     layout_loops_ring
D:11:     regret_index_tunnel_blossom, layout_basic, dpeg_oklobed_lair
D:12:     layout_basic, david_orc_4, grunt_ogre_cave, lightli_wizard_tower,
          uniq_nergalle
D:13:     layout_basic, ximxim_vaults_locker_room, uniq_frances
D:14:     layout_gridville, minivault_11, uniq_roxanne
D:15:     hangedman_depths_entry_civil_slaughter, layout_loops_ring,
          fedhas_altar_fruit_tree, minmay_misc_feat_room
Temple:   kilobyte_greek_temple
Lair:1:   layout_gridlike, grunt_megastairs_2
Lair:2:   layout_long_grid, minmay_shoals_entry_beasts, gauntlet_entry_generic,
          beast_lair_carwin_10, serial_bayou_shore_a
Orc:1:    layout_caves
Orc:2:    st_orc_mages, layout_caves

Skill      XL: |  1  2  3  4  5  6  7  8  9 10 11 12 13 14 |
---------------+-------------------------------------------+-----
Fighting       | 4 5 7 8 9 10 11 12 13 | 13.1
Shields        | 4 5 7 10 12 14 16 17 | 17.6
Armour         | 4 5 6 7 9 10 11 12 13 14 | 14.3
Long Blades    | 3 4 5 6 7 9 10 11 12 14 15 16 | 16.4
Dodging        | 1 2 4 5 6 |  6.5
Stealth        | 1 2 |  2.3
Invocations    | 1 2 |  2.7
Evocations     | |  0.1

Action                   |  1- 3 |  4- 6 |  7- 9 | 10-12 | 13-15 || total
-------------------------+-------+-------+-------+-------+-------++-------
Melee: Long sword        |    82 |   134 |   386 |   119 |       ||   721
       Headbutt          |    12 |    21 |    77 |   235 |   257 ||   602
       Falchion          |       |       |       |   605 |    43 ||   648
       Demon blade       |       |       |       |   227 |   485 ||   712
       Double sword      |       |       |       |       |   459 ||   459
Invok: Heroism           |       |       |     4 |    24 |     7 ||    35
Evoke: Wand              |       |       |       |     1 |     2 ||     3
  Use: Scroll            |     3 |       |     8 |     8 |    15 ||    34
       Potion            |       |     1 |     2 |     7 |       ||    10
 Stab: Sleeping          |       |       |       |       |     1 ||     1
Armor: Scale mail        |    34 |    52 |    28 |       |       ||   114
       Chain mail        |       |       |   177 |   165 |       ||   342
       Plate armour      |       |       |       |   224 |    95 ||   319
       Pearl dragon scal |       |       |       |       |   100 ||   100
       Shadow dragon sca |       |       |       |       |   177 ||   177
Dodge: Dodged            |    35 |    63 |   121 |   169 |   232 ||   620
Block: Buckler           |    18 |    34 |    52 |       |       ||   104
       Tower shield      |       |       |   158 |   787 |  1050 ||  1995
       Reflection        |       |       |       |       |     3 ||     3

Table legend: (Time is in decaauts)
 A = Elapsed time spent in this place.
 B = Non-inter-level travel time spent in this place.
 C = Inter-level travel time spent in this place.
 D = Time resting spent in this place.
 E = Time spent auto-exploring this place.
 F = Levels seen in this place.
 G = Mean time per level.
                   A        B        C        D        E       F      G
               +--------+--------+--------+--------+--------+-----+--------+
         Total |  26665 |  25411 |   1254 |   3509 |  15635 |  21 | 1269.8 |
       Dungeon |  21293 |  20196 |   1097 |   2254 |  13271 |  15 | 1419.5 |
        Temple |    234 |    186 |     48 |      0 |    155 |   1 |  234.0 |
          Lair |   1409 |   1323 |     86 |      0 |    825 |   2 |  704.5 |
  Orcish Mines |   2905 |   2883 |     22 |    943 |   1358 |   2 | 1452.5 |
      Gauntlet |    821 |    821 |      0 |    312 |     26 |   1 |  821.0 |
               +--------+--------+--------+--------+--------+-----+--------+

Top non-repeatable levels by time:
     D:8: 2908 daAuts
    D:12: 2397 daAuts
   Orc:1: 1967 daAuts
    D:11: 1885 daAuts
    D:13: 1763 daAuts
     D:9: 1532 daAuts
    D:10: 1498 daAuts
     D:3: 1462 daAuts
     D:7: 1185 daAuts
     D:5: 1182 daAuts
     D:6: 1121 daAuts
     D:2: 1070 daAuts
     D:4: 1063 daAuts
     D:1: 1063 daAuts
  Lair:1: 952 daAuts
